AoeStats
← DKing

Black Forest

509610195Analyzed
4v4 RM · 5d ago on Sep 27, 2026· 20m 35s· 8 players
Game mode
Random Map
Map size
Large (8 player)
Population
200
Speed
Normal
Resources
Standard
Victory
Conquest
Starting age
Dark Age
Ending age
Imperial Age
RankedLock teamsTeams togetherTeam positionsShared explorationLock speedFull tech treeHidden civsTurbo modeCheats
Victory
Defeat
🇬🇧 Khmer · United Kingdom
1237
+16
🇷🇺 Goths · Russia
1227
+17
🇵🇹 Persians · Portugal
1224
+17
🇮🇳 Saxons · India
1202
+17
🇨🇳 Persians · China
1263
-18
🇨🇳 Dravidians · China
1253
-17
🇨🇳 Koreans · China
1244
-17
🇧🇷 Danes · Brazil
1203
-15
DKing
3:47 Loom
11:46 Feudal Age
15:26 Castle Age
14:06 Double-Bit Axe
14:03 Horse Collar
16:56 Bow Saw
16:36 Fishing Lines
21:09 Wheelbarrow
Unlucky
0:26 Loom
11:50 Feudal Age
12:57 Double-Bit Axe
16:46 Castle Age
15:26 Scale Mail Armor
15:14 Horse Collar
17:39 Fletching
18:51 Gold Mining
19:23 Chain Mail Armor
Melting Snowball
0:26 Loom
10:21 Feudal Age
13:25 Castle Age
16:10 Double-Bit Axe
RiGhT
2:15 Loom
9:18 Loom
11:41 Feudal Age
15:28 Castle Age
14:16 Double-Bit Axe
16:09 Fishing Lines
16:51 Bow Saw
17:51 Town Watch
18:41 Wheelbarrow
20:16 Squires
20:02 Arson
20:02 Gambesons
Ralf, o fareja noob
11:40 Feudal Age
15:49 Castle Age
14:14 Fishing Lines
17:24 Double-Bit Axe
forsaken
10:40 Feudal Age
14:11 Castle Age
13:09 Double-Bit Axe
13:47 Horse Collar
16:43 Bow Saw
18:55 Fervor
LSHX
2:09 Loom
13:26 Feudal Age
18:07 Castle Age
17:42 Fletching
yuanguoli
9:22 Loom
11:58 Feudal Age
13:00 Double-Bit Axe
16:10 Castle Age
15:01 Horse Collar
17:49 Bow Saw
Connection lost

Rejoining the realm…

Still unreachable

The connection could not be restored.

Session expired

The server has moved on; the page needs a fresh start.